 Dungeon Crawl Stone Soup version 0.27-a0-660-g90476cec82 (webtiles) character file.

Game seed: 9949705558328173018

6 jasper the Caller (level 1, -2/14 HPs)
             Began as a Hill Orc Summoner on Mar 16, 2021.
             Slain by a hobgoblin
             ... wielding a +0 club
              (5 damage)
             ... on level 1 of the Dungeon.
             The game lasted 00:00:56 (387 turns).

jasper the Caller (Hill Orc Summoner)                Turns: 387, Time: 00:00:57

Health: -2/14      AC:  3    Str: 10    XL:     1   Next: 90%
Magic:  3/3        EV:  8    Int: 15    God:
Gold:   27         SH:  6    Dex: 11    Spells: 2/3 levels left

rFire    . . .     SeeInvis .   e - +0 club
rCold    . . .     Faith    .   f - +0 kite shield
rNeg     . . .     Spirit   .   g - +0 leather armour
rPois    .         Reflect  .   (no helmet)
rElec    .         Harm     .   (no cloak)
rCorr    .         Rampage  .   (no gloves)
Will     .....                  (no boots)
Stlth    +.........             (no amulet)
HPRegen  0.04/turn              (no ring)
MPRegen  0.08/turn              (no ring)

@: no status effects
A: no striking features
a: no special abilities


You were on level 1 of the Dungeon.
You visited 1 branch of the dungeon, and saw 1 of its levels.

You collected 27 gold pieces.

Inventory:

Hand Weapons
 e - a +0 club (weapon)
Missiles
 d - 19 bolts
Armour
 a - a +0 robe
 f - a +0 kite shield (worn)
 g - a +0 leather armour (worn)
Potions
 c - a potion of attraction {unknown}


   Skills:
 + Level 0.4 Armour
 - Level 1.5 Dodging
 - Level 1.5 Stealth
 + Level 0.4 Shields
 - Level 1.5 Spellcasting
 * Level 4.2 Summonings


You had 2 spell levels left.
You knew the following spells:

 Your Spells              Type           Power      Damage    Failure   Level
a - Summon Small Mammal   Summ           52%        N/A       36%         1

Your spell library contained the following spells:

 Spells                   Type           Power      Damage    Failure   Level
 Call Imp                 Summ           13%        N/A       50%         2
 Call Canine Familiar     Summ           13%        N/A       73%         3
 Summon Guardian Golem    Hex/Summ       7%         N/A       95%         3
 Summon Ice Beast         Ice/Summ       7%         N/A       100%        4
 Summon Lightning Spire   Summ/Air       7%         N/A       100%        4


Dungeon Overview and Level Annotations

Branches:
Dungeon (1/15)

Altars:


Message History

Your shield prevents you from hitting the giant cockroach.
The giant cockroach is heavily wounded.
The giant cockroach barely misses you. You block the giant cockroach's attack.
Your shield prevents you from hitting the giant cockroach.
The giant cockroach is heavily wounded.
The giant cockroach bites you but does no damage.
The giant cockroach bites you.
You take 1 damage, and have 9/14 hp.
You closely miss the giant cockroach.
The giant cockroach is heavily wounded.
The giant cockroach barely misses you. You block the giant cockroach's attack.
You hit the giant cockroach but do no damage.
The giant cockroach is heavily wounded.
The giant cockroach closely misses you. You block the giant cockroach's attack.
You hit the giant cockroach.
You kill the giant cockroach!
You block the hobgoblin's attack.
You hit the hobgoblin.
The hobgoblin is almost dead.
You block the hobgoblin's attack.
You closely miss the hobgoblin.
The hobgoblin is almost dead.
The hobgoblin hits you with a +0 club. You block the hobgoblin's attack.
You take 4 damage, and have 5/14 hp.
MASSIVE DAMAGE!!
You hit the hobgoblin but do no damage.
The hobgoblin is almost dead.
The hobgoblin barely misses you.
You barely miss the hobgoblin.
The hobgoblin is almost dead.
The hobgoblin hits you with a +0 club.
* * * LOW HITPOINT WARNING * * *
The hobgoblin closely misses you.
You take 3 damage, and have 3/14 hp.
MASSIVE DAMAGE!!
You closely miss the hobgoblin.
The hobgoblin is almost dead.
You block the hobgoblin's attack. x2
You barely miss the hobgoblin.
The hobgoblin is almost dead.
The hobgoblin hits you with a +0 club.
You die...

### ..# .. #.# ..
#.## #..# #@# ##g#
#.r################
#.................#
#.#.#.#.#.#.#.#.#..
#..................
#####.#.#.#...#.#.#..
........†#...........
####....#.#.....#.#..


You could see a hobgoblin and a rat.

Vanquished Creatures
  A dart slug (D:1)
  A giant cockroach (D:1)
  A ball python (D:1)
3 creatures vanquished.

Vanquished Creatures (collateral kills)
  A bat (D:1)
  A rat (D:1)
2 creatures vanquished.

Grand Total: 5 creatures vanquished

Notes
Turn   | Place    | Note
-------+----------+-------------------------------------------
     0 | D:1      | jasper the Hill Orc Summoner began the quest for the Orb.
     0 | D:1      | Reached XP level 1. HP: 14/14 MP: 3/3
   387 | D:1      | Slain by a hobgoblin

Illustrated notes

Levels and vault maps discovered:
D:1:      psy_arrival_dodecagon, layout_rooms, hex_medium,
          hangedman_decor_riveting

Action                   || total
-------------------------++-------
Melee: Club              ||    30
       Unarmed           ||     1
 Cast: Summon Small Mamm ||     6
  Use: Potion            ||     1
Armor: Leather armour    ||    10
       Robe              ||     2
Dodge: Dodged            ||    15
Block: Kite shield       ||    15

Table legend: (Time is in decaauts)
 A = Elapsed time spent in this place.
 B = Non-inter-level travel time spent in this place.
 C = Inter-level travel time spent in this place.
 D = Time resting spent in this place.
 E = Time spent auto-exploring this place.
 F = Levels seen in this place.
 G = Mean time per level.
                   A        B        C        D        E       F      G
               +--------+--------+--------+--------+--------+-----+--------+
         Total |    403 |    403 |      0 |    203 |     63 |   1 |  403.0 |
       Dungeon |    403 |    403 |      0 |    203 |     63 |   1 |  403.0 |
               +--------+--------+--------+--------+--------+-----+--------+

Top non-repeatable levels by time:
     D:1: 403 daAuts
